 Dungeon Crawl Stone Soup version 0.18-a0-960-g77c8fc5 (webtiles) character file.

158 Sodium1970 the Shield-Bearer (level 5, -3/41 HPs)
             Began as a Human Fighter on Dec 31, 2015.
             Was an Initiate of the Shining One.
             Slain by a gnoll
             ... wielding a +0 halberd
              (7 damage)
             ... on level 3 of the Dungeon.
             The game lasted 00:07:43 (2583 turns).

Sodium1970 the Shield-Bearer (Human Fighter)        Turns: 2583, Time: 00:07:43

Health: -3/41      AC:  9    Str: 17    XL:     5   Next: 67%
Magic:  5/5        EV:  5    Int:  9    God:    the Shining One [......]
Gold:   167        SH:  9    Dex: 12    Spells: 0 memorised, 4 levels left

rFire  . . .     SeeInvis .     a - +0 long sword
rCold  . . .     Gourm    .     y - +0 chain mail
rNeg   . . .     Faith    .     c - +0 shield
rPois  .         Spirit   .     (no helmet)
rElec  .         Dismiss  .     (no cloak)
rCorr  .         Reflect  .     (no gloves)
SustAt .         Harm     .     (no boots)
MR     .....                    (no amulet)
Stlth  ..........               (no ring)
                                (no ring)

@: not resistant to hostile enchantments, extremely unstealthy
A: no striking features
a: Renounce Religion


You were on level 3 of the Dungeon.
You worshipped the Shining One.
The Shining One was noncommittal.
You were not hungry.

You visited 1 branch of the dungeon, and saw 3 of its levels.

You collected 167 gold pieces.

Inventory:

Hand Weapons
 a - a +0 long sword (weapon)
 l - a +2 halberd of chopping
 x - a +4 dagger
Armour
 b - a +0 scale mail
 c - a +0 shield (worn)
 o - a +0 chain mail
 y - a +0 chain mail (worn)
Jewellery
 j - a +5 amulet of reflection {unknown}
 u - an uncursed ring of poison resistance {unknown}
Wands
 q - a wand of magic darts (35/48)
Scrolls
 e - 3 scrolls of blinking {unknown}
 f - a scroll of enchant armour {unknown}
 h - a scroll of fear {unknown}
 i - 3 scrolls of identify {unknown}
 r - a scroll of noise {unknown}
 v - 2 scrolls of remove curse {unknown}
 w - a scroll of fog {unknown}
 z - a scroll of recharging {unknown}
Potions
 d - a potion of might
 k - a potion of resistance {unknown}
 m - 2 potions of mutation {unknown}
 s - a potion of heal wounds {unknown}
Books
 t - a book of Beasts

   Spells                             Type                      Level
   a - Summon Butterflies             Summoning                    1
   b - Call Canine Familiar           Summoning                    3
   c - Summon Ice Beast               Ice/Summoning                4
   d - Summon Mana Viper              Hexes/Summoning              5
   e - Summon Hydra                   Summoning                    7
Comestibles
 g - a meat ration
 n - a bread ration
 p - 6 fruits


   Skills:
 + Level 3.2 Fighting
 + Level 2.8 Long Blades
 + Level 4.0 Armour
 + Level 1.5 Dodging
 + Level 0.2 Stealth
 + Level 4.1 Shields


You had 4 spell levels left.
You didn't know any spells.

Dungeon Overview and Level Annotations

Branches:
Dungeon (3/15)

Altars:
Dithmenos
Nemelex Xobeh
Qazlal
The Shining One


Message History

Things that are here:
a short sword; a scale mail; an orc corpse The gnoll hits you with a halberd.
* * * LOW HITPOINT WARNING * * *
Things that are here:
a whip; a gnoll corpse Your chain mail prevents you from hitting the gnoll.
You block the gnoll's attack.
A bat comes into view.
You barely miss the gnoll. You block the gnoll's attack.
You hit the gnoll.
The gnoll is lightly wounded.
You block the bat's attack. The gnoll hits you with a halberd!
* * * LOW HITPOINT WARNING * * *
Your shield and chain mail prevent you from hitting the gnoll.
The gnoll is lightly wounded.
The bat hits you.
* * * LOW HITPOINT WARNING * * *
The gnoll hits you with a halberd!
You die...

##...##..#
.....##.....##.#
.
.....#.......#.#
.
........._.....#
.....#.......#.#
.....##.....##.#
......##...##..#
.......##g##...#
........b@)....#
......#.########
..### #.# #.#
#.# ..# ###


You could see a gnoll and a bat.

Vanquished Creatures
  An orc wizard (D:3)
  4 gnolls
  2 adders (D:2)
  An ooze (D:1)
  3 giant geckos (D:1)
  8 orcs (D:3)
  A ball python (D:3)
  2 giant cockroaches (D:2)
  4 goblins
  8 hobgoblins
  4 jackals (D:1)
  A quokka (D:2)
  5 bats
  3 giant newts (D:1)
  7 kobolds
  7 rats
61 creatures vanquished.

Vanquished Creatures (others)
  A goblin (D:1)
1 creature vanquished.

Grand Total: 62 creatures vanquished

Notes
Turn   | Place    | Note
--------------------------------------------------------------
     0 | D:1      | Sodium1970 the Human Fighter began the quest for the Orb.
     0 | D:1      | Reached XP level 1. HP: 18/18 MP: 1/1
   181 | D:1      | Reached XP level 2. HP: 24/24 MP: 2/2
   332 | D:1      | Reached XP level 3. HP: 14/29 MP: 3/3
  1062 | D:1      | Reached XP level 4. HP: 32/35 MP: 4/4
  1523 | D:2      | Reached skill level 1 in Dodging
  1613 | D:2      | Found a glowing golden altar of the Shining One.
  1628 | D:2      | Became a worshipper of the Shining One
  1691 | D:2      | Found a shadowy altar of Dithmenos.
  1928 | D:2      | Found a stormy altar of Qazlal.
  2434 | D:3      | Reached XP level 5. HP: 38/41 MP: 5/5
  2527 | D:3      | Found a sparkling altar of Nemelex Xobeh.
  2568 | D:3      | Reached skill level 4 in Shields
  2583 | D:3      | Slain by a gnoll

Vault maps used:
D:1:      shiori_arrival_oz
D:2:      lemuel_round_altar, nicolae_overflow_crystal_walls, marbit_many_paths,
          first_bread
D:3:      lemuel_round_altar, lemuel_doored_altar, uniq_robin

Action                   |  1- 3 |  4- 6 || total
-------------------------+-------+-------++-------
Melee: Long sword        |   104 |   149 ||   253
  Eat: Bread ration      |     1 |       ||     1
       Meat ration       |       |     1 ||     1
